 Dungeon Crawl Stone Soup version 0.31-a0-848-gaac375c287 (webtiles) character file.

Game seed: 1665491365557464114

7418 Getoffmy the Tainter (level 11, -4/61 HPs)
             Began as an Octopode Venom Mage on Oct 4, 2023.
             Was the Champion of Jiyva.
             Slain by a vampire (13 damage)
             ... on level 11 of the Dungeon.
             The game lasted 00:21:46 (7306 turns).

Getoffmy the Tainter (Octopode Venom Mage)          Turns: 7306, Time: 00:21:47

Health: -4/61      AC:  1    Str: 17    XL:     11   Next: 14%
Magic:  21/21      EV: 18    Int: 29    God:    Jiyva [******]
Gold:   458        SH:  8    Dex: 12    Spells: 14/24 levels left

rFire   . . .        j - +9 whip of Fate {drain, Int+4 Dex-4}
rCold   + . .        t - +3 buckler
rNeg    . . .        (helmet restricted)
rPois   .            q - amulet of magic regeneration
rElec   .            f - +6 ring of intelligence
rCorr   +            d - +6 ring of dexterity
SInv    .            e - +5 ring of evasion
Will    .....        (no ring)
Stlth   ++++         (no ring)
HPRegen 1.90/turn    (no ring)
MPRegen 1.07/turn    (no ring)
                     (no ring)

%: clarity
@: no status effects
A: almost no armour, amphibious, 8 rings, camouflage 1, gelatinous body 1,
(nimble swimmer 1), tentacles, tentacle spike 3, clarity, cold resistance 1,
strong 2, tendrils
a: Renounce Religion, Oozemancy, Slimify


You were on level 11 of the Dungeon.
You worshipped Jiyva.
Jiyva was exalted by your worship.
You visited 2 branches of the dungeon, and saw 11 of its levels.

You collected 1478 gold pieces.
You spent 1020 gold pieces at shops.

Inventory:

Hand Weapons
 c - a +0 dagger
 h - the +8 falchion of Causality {drain, rN++ Will+ Str-5}
   (You found it on level 10 of the Dungeon)

   Str-5:     It affects your strength (-5).
   rN++:      It greatly protects you from negative energy.
   Will+:     It increases your willpower.
 j - the +9 whip of Fate (weapon) {drain, Int+4 Dex-4}
   (You found it on level 2 of the Dungeon)

   Int+4:     It affects your intelligence (+4).
   Dex-4:     It affects your dexterity (-4).
Missiles
 i - 16 poisoned darts
 k - 8 atropa-tipped darts
 r - 36 stones
 y - a throwing net
Armour
 t - a +3 buckler (worn)
Jewellery
 d - a +6 ring of dexterity (right tentacle)
 e - a +5 ring of evasion (on tentacle)
 f - a +6 ring of intelligence (left tentacle)
 q - an amulet of magic regeneration (around mantle)
Wands
 g - a wand of acid (13)
 o - a wand of polymorph (4)
 z - a wand of charming (4)
Scrolls
 b - 2 scrolls of poison
 l - 2 scrolls of noise
 p - a scroll of blinking
 s - a scroll of enchant armour
 v - a scroll of vulnerability
 w - a scroll of identify
Potions
 a - a potion of magic
 m - 5 potions of curing
 u - a potion of mutation
 x - a potion of resistance {unknown}
 B - a potion of brilliance {unknown}
Miscellaneous
 E - a phantom mirror


   Skills:
 + Level 7.6 Maces & Flails
 - Level 2.0 Dodging
 - Level 5.0 Stealth
 - Level 6.5 Shields
 + Level 7.1 Spellcasting
 + Level 1.8 Conjurations
 - Level 1.0 Transmutations
 - Level 13.0 Poison Magic


You had 14 spell levels left.
You knew the following spells:

 Your Spells              Type           Power      Damage    Failure   Level
a - Sting                 Tmut/Pois      100%       1d8       1%          1
b - Poisonous Vapours     Pois/Air       96%        N/A       1%          2
c - Olgreb's Toxic Radia  Pois           72%        N/A       1%          4
d - Mephitic Cloud        Conj/Pois/Air  39%        N/A       2%          3

Your spell library contained the following spells:

 Spells                   Type           Power      Damage    Failure   Level
 Wereblood                Tmut           16%        N/A       6%          2
 Ensorcelled Hibernation  Hex/Ice        20%        N/A       10%         2
 Jinxbite                 Hex            20%        N/A       10%         2
 Dazzling Flash           Conj/Hex       30%        N/A       13%         3
 Anguish                  Hex/Necr       5%         N/A       52%         4
 Irradiate                Conj/Tmut      9%         3d14      67%         5
 Agony                    Necr           10%        N/A       86%         5
 Silence                  Hex/Air        5%         N/A       86%         5


Dungeon Overview and Level Annotations

Branches:
Dungeon (11/15)            Temple (1/1) D:4
   Lair: D:8-11         Orc: D:9-12

Altars:
Ashenzari
Cheibriados
Dithmenos
Elyvilon
Fedhas
Gozag
Hepliaklqana
Kikubaaqudgha
Makhleb
Nemelex Xobeh
Okawaru
Qazlal
Ru
Sif Muna
Trog
Uskayaw
Vehumet
Wu Jian
Xom
Yredelemnul
Zin
The Shining One
Jiyva

Shops:
D:5 =   D:6 **

Annotations:
D:6 2 transporters
D:11 1 runed translucent door


Innate Abilities, Weirdness & Mutations

You cannot wear most types of armour.
You are amphibious.
You can wear up to eight rings at the same time.
Your skin changes colour to match your surroundings (Stealth+).
Your rubbery body absorbs attacks. (AC +1, EV +1)
((You are camouflaged when in or above water. (Stealth+)))
You have tentacles for arms and can constrict up to eight enemies at once.
One of your tentacles bears a large vicious spike.
You possess an exceptional clarity of mind.
Your flesh is cold resistant. (rC+)
Your muscles are very strong. (Str +8, Int/Dex -2)
You are covered in slimy tendrils that may disarm your opponents.


Message History

The vampire mosquito is almost destroyed.
You block the vampire mosquito's attack. x2
You whack the vampire mosquito!
You destroy the vampire mosquito!
The vampire closely misses you. The vampire completely misses you.
You barely miss the vampire. You grab the vampire.
You pierce the vampire.
You squeeze the vampire.
The vampire is lightly damaged.
You constrict the vampire, but do no damage.
The vampire casts a spell.
The vampire flickers and vanishes!
Deactivating autopickup; reactivate with Ctrl-A.
No reachable target in view!
Casting: Sting (safe; 1% risk of failure)
Confirm with . or Enter, or press ? or * to list all spells.
You don't know that spell.
You whack something!
You pierce something.
Your squeeze misses something. You constrict something.
Something closely misses you. Something bites you!
Something draws strength from your injuries!
Casting: Sting (safe; 1% risk of failure)
Confirm with . or Enter, or press ? or * to list all spells.
Aiming: Sting (safe; 1% risk of failure)
Press: ? - help, Shift-Dir - straight line The sting hits something but does no damage.
You constrict something. Something hits you. Something bites you!
Something draws strength from your injuries!
Unknown command.
Casting: Sting (safe; 1% risk of failure)
Confirm with . or Enter, or press ? or * to list all spells.
Aiming: Sting (safe; 1% risk of failure)
Press: ? - help, Shift-Dir - straight line The sting hits something.
You constrict something. Something hits you! Something bites you!
Something draws strength from your injuries!
Unknown command.
You release your grip on something.
Something hits you!
* * * LOW HITPOINT WARNING * * *
Something bites you!
You die...

#....### .
.8.8..## ..
##+##..#
..#Tcs#..##+###
..#Bec#.......#
..#TCO#.......#
...#####.......#
...............+
...[.#.##@.....#
... #. #......#
.. #. #....<.#
+. #......# ##
########


You could see a culicivora.

Vanquished Creatures
  2 two-headed ogres (D:10)
  Erica (D:9)
  An orc knight (D:9)
  A cyclops (D:9)
  A gargoyle (D:9)
  A hornet (D:9)
  2 vampires (D:10)
  2 wyverns
  4 yaks
  2 vampire mosquitoes (D:11)
  A steam dragon (D:6)
  The ghost of MrSquiggles the Sneak, an amateur KoFi (D:4)
  Edmund (D:6)
  3 water moccasins
  2 ice beasts (D:7)
  A black bear (D:5)
  A sky beast (D:6)
  An ogre (D:5)
  2 kobold brigands (D:10)
  A scorpion (D:4)
  8 wights
  8 killer bees
  A howler monkey (D:6)
  2 hounds
  An orc priest (D:9)
  3 sleepcaps
  An iguana (D:5)
  3 orc wizards (D:9)
  2 gnolls (D:7)
  4 adders
  A shadow imp (D:5)
  A worm (D:3)
  2 dart slugs
  16 orcs
  3 endoplasms (D:1)
  2 giant cockroaches
  7 goblins
  4 hobgoblins
  3 jackals (D:3)
  3 kobolds
  5 quokkas
  7 ball pythons
  A bat (D:1)
  A frilled lizard (D:1)
  5 rats
125 creatures vanquished.

Vanquished Creatures (collateral kills)
  3 orc warriors
  A centaur (D:10)
  A wight (D:7)
  3 orc priests (D:7)
  A gnoll bouda (D:7)
  2 orc wizards
  3 gnolls (D:7)
  A shadow imp (D:7)
  3 orcs (D:7)
18 creatures vanquished.

Vanquished Creatures (others)
  A hornet (D:9)
  A wraith (D:10)
  A centaur (D:10)
  A scorpion (D:5)
  11 jellies
  A sleepcap (D:4)
  Natasha (thrice) (D:3)
  An iguana (D:5)
  Robin (D:4)
  An adder (D:5)
  An ufetubus (D:4)
  A worm (D:2)
  3 dart slugs
  4 orcs
  A giant cockroach (D:2)
  10 goblins
  5 hobgoblins
  A quokka (D:3)
  A ball python (D:4)
  4 bats
  7 kobolds
  A rat (D:2)
61 creatures vanquished.

Grand Total: 204 creatures vanquished

Notes
Turn   | Place    | Note
-------+----------+-------------------------------------------
     0 | D:1      | Getoffmy the Octopode Venom Mage began the quest for the
                  | Orb.
     0 | D:1      | Reached XP level 1. HP: 11/11 MP: 3/3
   149 | D:1      | Reached XP level 2. HP: 11/17 MP: 0/5
   226 | D:1      | Reached skill level 4 in Poison Magic
   889 | D:1      | Found a faded altar of an unknown god.
   897 | D:1      | Prayed at the altar of an unknown god.
   897 | D:1      | Became a worshipper of Jiyva Jafumnir the Shapeless
   897 | D:1      | Reached * piety under Jiyva
  1192 | D:1      | Learned a level 2 spell: Poisonous Vapours
  1467 | D:2      | Reached XP level 3. HP: 21/21 MP: 6/6
  1537 | D:2      | Reached ** piety under Jiyva
  1581 | D:2      | Found a broken altar of Ashenzari.
  1658 | D:2      | Identified the +9 whip of Fate {drain, Int+4 Dex-4}
  1838 | D:3      | Reached XP level 4. HP: 21/27 MP: 4/7
  1851 | D:3      | Found a radiant altar of Vehumet.
  1973 | D:3      | Killed Natasha
  2029 | D:3      | Reached *** piety under Jiyva
  2030 | D:3      | Killed Natasha
  2093 | D:3      | Found a white marble altar of Elyvilon.
  2094 | D:3      | Killed Natasha
  2113 | D:3      | Reached skill level 5 in Poison Magic
  2249 | D:3      | Gained mutation: You are covered in slimy tendrils that may
                  | disarm your opponents. [Jiyva's grace]
  2249 | D:3      | Gained mutation: You possess an exceptional clarity of
                  | mind. [Jiyva's grace]
  2249 | D:3      | Gained mutation: Your muscles are strong. (Str +4, Int/Dex
                  | -1) [Jiyva's grace]
  2249 | D:3      | Gained mutation: Your muscles are very strong. (Str +8,
                  | Int/Dex -2) [Jiyva's grace]
  2511 | D:4      | Noticed MrSquiggles's ghost (amateur KoFi)
  2516 | D:4      | Found a runed translucent door.
  2518 | D:4      | Reached skill level 1 in Maces & Flails
  2524 | D:4      | Noticed a scorpion
  2533 | D:4      | Killed a scorpion
  2534 | D:4      | Reached XP level 5. HP: 31/31 MP: 6/8
  2637 | D:4      | Killed Robin
  2649 | D:4      | Reached **** piety under Jiyva
  2677 | D:4      | Found a hazy altar of Hepliaklqana.
  2774 | D:4      | Found a staircase to the Ecumenical Temple.
  2942 | D:4      | Found a shimmering blue altar of Sif Muna.
  3221 | D:4      | Killed MrSquiggles's ghost
  3371 | Temple   | Entered the Ecumenical Temple
  3392 | D:5      | Entered Level 5 of the Dungeon
  3405 | D:5      | Reached skill level 6 in Poison Magic
  3406 | D:5      | Reached XP level 6. HP: 36/36 MP: 9/9
  3494 | D:5      | Reached skill level 5 in Stealth
  3513 | D:5      | Learned a level 4 spell: Olgreb's Toxic Radiance
  3604 | D:5      | Noticed a black bear
  3613 | D:5      | Killed a black bear
  3614 | D:5      | Reached XP level 7. HP: 26/41 MP: 9/11
  3640 | D:5      | Found Manowi's Jewellery Shoppe.
  3831 | D:5      | Reached ***** piety under Jiyva
  3894 | D:6      | Noticed a steam dragon
  3901 | D:6      | Killed a steam dragon
  3902 | D:6      | Reached skill level 1 in Shields
  3902 | D:6      | Reached skill level 7 in Poison Magic
  3981 | D:6      | Found a blossoming altar of Fedhas.
  4063 | D:6      | Found Ciquqyaff's Specific Store.
  4063 | D:6      | Found Culekeoss's General Store.
  4076 | D:6      | Bought a scroll of identify for 24 gold pieces
  4076 | D:6      | Bought a scroll of poison for 48 gold pieces
  4076 | D:6      | Bought a scroll of vulnerability for 48 gold pieces
  4086 | D:6      | Identified a scroll of acquirement
  4086 | D:6      | Acquired 1048 gold pieces
  4112 | D:6      | Found a transporter.
  4120 | D:6      | Reached XP level 8. HP: 24/46 MP: 13/13
  4133 | D:6      | Bought a +6 ring of dexterity for 432 gold pieces
  4193 | D:5      | Bought a +5 ring of evasion for 468 gold pieces
  4233 | D:6      | Noticed Edmund
  4239 | D:6      | Killed Edmund
  4240 | D:6      | Reached skill level 8 in Poison Magic
  4364 | D:6      | Found a transporter.
  4648 | D:7      | Gained mutation: One of your tentacles bears a spike.
                  | [Jiyva's grace]
  4648 | D:7      | Gained mutation: One of your tentacles bears a nasty spike.
                  | [Jiyva's grace]
  4648 | D:7      | Gained mutation: One of your tentacles bears a large
                  | vicious spike. [Jiyva's grace]
  4648 | D:7      | Gained mutation: Your flesh is cold resistant. (rC+)
                  | [Jiyva's grace]
  4836 | D:7      | Learned a level 3 spell: Mephitic Cloud
  4853 | D:7      | Reached skill level 9 in Poison Magic
  4883 | D:7      | Reached XP level 9. HP: 44/51 MP: 15/15
  4957 | D:7      | Reached skill level 5 in Maces & Flails
  4986 | D:7      | You fall into a shaft and drop 2 floors!
  5064 | D:9      | Killed a hornet
  5125 | D:9      | Noticed a cyclops
  5151 | D:9      | Killed a cyclops
  5152 | D:9      | Reached skill level 5 in Spellcasting
  5152 | D:9      | Reached skill level 10 in Poison Magic
  5219 | D:9      | Noticed a gargoyle
  5234 | D:9      | Killed a gargoyle
  5311 | D:9      | Reached skill level 11 in Poison Magic
  5337 | D:9      | Reached skill level 5 in Shields
  5349 | D:9      | Found an ornate altar of the Wu Jian Council.
  5350 | D:9      | Found a snail-covered altar of Cheibriados.
  5381 | D:9      | Reached XP level 10. HP: 31/56 MP: 10/18
  5616 | D:9      | Noticed Erica
  5621 | D:9      | Killed Erica
  5622 | D:9      | Reached skill level 12 in Poison Magic
  5850 | D:9      | Noticed an orc knight
  5991 | D:9      | Killed an orc knight
  6055 | D:10     | Entered Level 10 of the Dungeon
  6272 | D:10     | Reached ****** piety under Jiyva
  6434 | D:10     | Found a sacrificial altar of Ru.
  6491 | D:10     | Noticed a two-headed ogre
  6517 | D:10     | Killed a two-headed ogre
  6598 | D:10     | Noticed a two-headed ogre
  6622 | D:10     | Killed a two-headed ogre
  6623 | D:10     | Reached skill level 13 in Poison Magic
  6623 | D:10     | Reached XP level 11. HP: 61/61 MP: 21/21
  6762 | D:10     | Reached skill level 1 in Conjurations
  6780 | D:10     | Identified the +8 falchion of Causality {drain, rN++ Will+
                  | Str-5}
  7272 | D:11     | Noticed an entropy weaver
  7272 | D:11     | Noticed a centaur warrior
  7278 | D:11     | Found a runed translucent door.
  7280 | D:11     | Noticed a two-headed ogre
  7280 | D:11     | Found the +3 giant club "Skullcrusher" {speed, Str+7}
  7283 | D:11     | Noticed a boulder beetle
  7284 | D:11     | Identified the +7 glaive "Niutz" {drain, rPois rN+ Int-5}
  7284 | D:11     | Noticed a fire giant
  7286 | D:11     | Noticed a deep elf pyromancer
  7306 | D:11     | Slain by a vampire

Illustrated notes

Levels and vault maps discovered:
D:1:      psy_arrival_radial02, layout_basic, shapermc_ecumenical_altar_pompeii,
          serial_forest, infiniplex_forest_clump_double,
          infiniplex_forest_straight_2, infiniplex_forest_clump_double,
          infiniplex_forest_clump_medium, infiniplex_forest_diagonal,
          infiniplex_forest_clump_tiny, infiniplex_forest_lined_corner,
          infiniplex_forest_end_2
D:2:      layout_rooms, basic_altar, amethyst_killhole
D:3:      layout_basic, elyvilon_altar_5, mainiacjoe_overflow_24_doors,
          uniq_natasha
D:4:      layout_loops_ring, mainiacjoe_overflow_surrounded_room,
          nicolae_hepliaklqana_hippocampus, minmay_temple_entry_wispy,
          serial_forest, infiniplex_forest_lined_corner,
          infiniplex_forest_lined_2, infiniplex_forest_lined_room_3,
          infiniplex_forest_lined_corner, infiniplex_forest_end_2,
          hellmonk_ghost_happy_afterlife, fountainhead, uniq_robin
D:5:      layout_loops_ring, serial_shops, shop
D:6:      gammafunk_steamed_eel, layout_loops_ring, general_overflow_altar,
          nicolae_specific_store, uniq_edmund
D:7:      layout_cave_pools
D:9:      layout_irregular_city, gammafunk_temple_overflow_statue,
          kennysheep_small_spiral, kennysheep_just_a_vault, uniq_erica
D:10:     layout_basic, nicolae_ru_path_of_blood, chequers_serial_rivers_marsh,
          minmay_quadrilaterals
D:11:     layout_roguey, dpeg_lair_monsters, special_room [special_room_bee],
          minmay_st_funbox, led_sif_pool
Temple:   eino_narrow_crystal_temple

Skill      XL: |  1  2  3  4  5  6  7  8  9 10 11 |
---------------+----------------------------------+-----
Stealth        | 3 4 5 |  5.0
Poison Magic   | 4 5 6 7 9 11 13 | 13.0
Maces & Flails | 1 2 3 4 6 7 |  7.6
Spellcasting   | 3 4 5 6 7 |  7.1
Shields        | 2 3 5 6 |  6.5
Conjurations   | 1 |  1.8
Dodging        | |  2.0
Transmutations | |  1.0

Action                     |  1- 3 |  4- 6 |  7- 9 | 10-12 || total
---------------------------+-------+-------+-------+-------++-------
  Melee: Unarmed           |    11 |       |       |       ||    11
         Tentacles         |    11 |    10 |    24 |    20 ||    65
         Constrict         |     7 |     8 |    16 |    11 ||    42
         Punch             |     1 |       |     2 |       ||     3
         Dagger            |    26 |       |       |       ||    26
         Whip              |     7 |    41 |    84 |    60 ||   192
         Kick              |       |       |    17 |    29 ||    46
   Cast: Sting             |    20 |    22 |    23 |    18 ||    83
         Poisonous Vapours |     5 |     4 |    23 |    17 ||    49
         Olgreb's Toxic Ra |       |       |     4 |     6 ||    10
    Use: Scroll            |       |       |     7 |     6 ||    13
         Potion            |       |       |     1 |       ||     1
   Stab: Sleeping          |     8 |       |     3 |     1 ||    12
 Armour: Skin              |    17 |    13 |    32 |    21 ||    83
  Dodge: Dodged            |    27 |    28 |    53 |    36 ||   144
  Block: Buckler           |       |       |    24 |    17 ||    41

Table legend: (Time is in decaauts)
 A = Elapsed time spent in this place.
 B = Non-inter-level travel time spent in this place.
 C = Inter-level travel time spent in this place.
 D = Time resting spent in this place.
 E = Time spent auto-exploring this place.
 F = Levels seen in this place.
 G = Mean time per level.
                   A        B        C        D        E       F      G
               +--------+--------+--------+--------+--------+-----+--------+
         Total |   7284 |   6852 |    432 |    662 |   4722 |  11 |  662.2 |
       Dungeon |   7282 |   6850 |    432 |    662 |   4722 |  10 |  728.2 |
        Temple |      1 |      1 |      0 |      0 |      0 |   1 |    1.0 |
               +--------+--------+--------+--------+--------+-----+--------+

Top non-repeatable levels by time:
     D:1: 1448 daAuts
    D:10: 1209 daAuts
     D:9: 1060 daAuts
     D:4: 880 daAuts
     D:3: 756 daAuts
     D:6: 640 daAuts
     D:5: 547 daAuts
     D:7: 402 daAuts
     D:2: 304 daAuts
    D:11: 32 daAuts
  Temple: 1 daAuts
